 Dungeon Crawl Stone Soup version 0.30-a0-652-gcc886f7154 (webtiles) character file.

Game seed: 1253252659438853152

121 Dittersdorf the Shield-Bearer (level 5, -1/33 HPs)
             Began as a Gargoyle Fighter on Jan 17, 2023.
             Hit by a stone thrown by a gnoll (4 damage)
             ... on level 3 of the Dungeon.
             The game lasted 00:01:45 (1374 turns).

Dittersdorf the Shield-Bearer (Gargoyle Fighter)    Turns: 1374, Time: 00:01:46

Health: -1/33      AC: 13    Str: 21    XL:     5   Next: 5%
Magic:  5/5        EV:  7    Int:  9    God:
Gold:   171        SH:  4    Dex:  9    Spells: 4/4 levels left

rFire   + . .      SeeInvis .    f - +2 whip (venom)
rCold   . . .      Faith    .    c - +0 buckler
rNeg    + . .      Spirit   .    t - +0 chain mail
rPois   ∞          Reflect  .    (no helmet)
rElec   +          Harm     .    (no cloak)
rCorr   .          Rampage  .    (no gloves)
Will    .....                    (no boots) Stlth
                                 (no amulet)
HPRegen 0.25/turn                h - ring of protection from fire
MPRegen 0.09/turn                (no ring)

@: no status effects
A: sickness immunity, AC +4, negative energy resistance 1, electricity
resistance, torment resistance 1, petrification resistance
a: no special abilities


You were on level 3 of the Dungeon.
You visited 1 branch of the dungeon, and saw 3 of its levels.

You collected 171 gold pieces.

Inventory:

Hand Weapons
 a - a +0 flail
 f - a +2 whip of venom (weapon)
Armour
 c - a +0 buckler (worn)
 t - a +0 chain mail (worn)
Jewellery
 h - a ring of protection from fire (left hand)
 v - a ring of protection from cold
Scrolls
 g - 4 scrolls of identify {unknown}
 i - 3 scrolls of amnesia {unknown}
 l - a scroll of blinking {unknown}
 m - a scroll of fear {unknown}
 n - a scroll of noise {unknown}
 o - a scroll of poison {unknown}
 q - 2 scrolls of teleportation {unknown}
 r - a scroll of enchant weapon {unknown}
 s - a scroll of immolation {unknown}
 u - a scroll of magic mapping {unknown}
Potions
 b - a potion of brilliance {unknown}
 d - a potion of might
 e - a potion of cancellation {unknown}
 j - a potion of mutation {unknown}
 k - 4 potions of curing {unknown}
 p - 2 potions of lignification {unknown}


   Skills:
 + Level 4.1 Fighting
 + Level 3.0 Maces & Flails
 + Level 4.1 Armour
 + Level 4.2 Shields


You had 4 spell levels left.
You didn't know any spells.
Your spell library was empty.

Dungeon Overview and Level Annotations

Branches:
Dungeon (3/15)

Altars:
Kikubaaqudgha


Innate Abilities, Weirdness & Mutations

You are immune to sickness and miasma.
Your stone body is resilient. (AC +4)
You are immune to poison.
You resist negative energy. (rN+)
You are resistant to electric shocks. (rElec)
You are resistant to unholy torment.
You are immune to petrification.


Message History

You hit the gnoll.
The gnoll is poisoned.
The gnoll is moderately wounded.
The gnoll hits you but does no damage.
The gnoll hits you from afar with a +0 spear.
* * * LOW HITPOINT WARNING * * *
You barely miss the gnoll.
The gnoll is moderately wounded.
An orc wizard appears from thin air!
You block the gnoll's attack. The gnoll hits you but does no damage.
You closely miss the gnoll.
The gnoll is moderately wounded.
The gnoll hits you but does no damage. The gnoll closely misses you.
You closely miss the gnoll.
The gnoll is moderately wounded.
The orc wizard gestures wildly while chanting.
The orc wizard flickers and vanishes!
Deactivating autopickup; reactivate with Ctrl-A.
The gnoll hits you but does no damage. The gnoll barely misses you.
You closely miss the gnoll.
The gnoll is moderately wounded.
The gnoll hits you with a +0 club.
* * * LOW HITPOINT WARNING * * *
The gnoll hits you from afar with a +0 spear.
* * * LOW HITPOINT WARNING * * *
You barely miss the gnoll.
The gnoll is heavily wounded.
The gnoll barely misses you. You block the gnoll's attack.
You hit the gnoll.
The gnoll looks even sicker.
The gnoll is severely wounded.
You block the gnoll's attack. The gnoll hits you but does no damage.
Reactivating autopickup.
You feel a bit more experienced.
Your Maces & Flails skill increases to level 3!
You kill the gnoll!
You have reached level 5!
The orc wizard mumbles some strange words.
The orc wizard flickers and vanishes!
Deactivating autopickup; reactivate with Ctrl-A.
The gnoll throws a stone.
The stone hits you.
You die...

######.#..#
#.##.+ #{# ##
...######)####
..........g..#
#
####.###...#.+
.+ #.....#...#
.#
#..###...#.#..#
... ##.##@#..#
# #.##<'#
#.##>#.....#
#....#.....#
##...# #+##+
#.### #.# #.#
#.#


You could see a gnoll.

Vanquished Creatures
  2 orc wizards (D:3)
  A gnoll (D:3)
  An adder (D:3)
  A worm (D:2)
  3 dart slugs
  2 orcs (D:3)
  6 bats
  4 endoplasms
  3 giant cockroaches (D:1)
  3 goblins (D:1)
  3 hobgoblins (D:1)
  4 kobolds
  3 quokkas (D:1)
  5 ball pythons
  A rat (D:2)
42 creatures vanquished.

Notes
Turn   | Place    | Note
-------+----------+-------------------------------------------
     0 | D:1      | Dittersdorf the Gargoyle Fighter began the quest for the
                  | Orb.
     0 | D:1      | Reached XP level 1. HP: 14/14 MP: 1/1
   122 | D:1      | Reached XP level 2. HP: 19/19 MP: 2/2
   471 | D:1      | Reached XP level 3. HP: 23/23 MP: 3/3
  1020 | D:2      | Found an ancient bone altar of Kikubaaqudgha.
  1356 | D:3      | Reached XP level 4. HP: 8/29 MP: 4/4
  1366 | D:3      | HP: 1/29 [gnoll/+0 spear (1)]
  1372 | D:3      | Reached XP level 5. HP: 2/33 MP: 5/5
  1374 | D:3      | Hit by a stone thrown by a gnoll

Illustrated notes

Levels and vault maps discovered:
D:1:      minmay_arrival_hallway, layout_loops_corners
D:2:      layout_basic, basic_altar
D:3:      layout_loops_ring, mainiacjoe_overflow_24_doors,
          amcnicky_altar_gilded, shapermc_ecumenical_altar_rom_forum,
          pf_guarded_unrand_delatra

Skill      XL: |  1  2  3  4 |
---------------+-------------+-----
Shields        | 4 |  4.2
Fighting       | 4 |  4.1
Armour         | 4 |  4.1
Maces & Flails | 3 |  3.0

Action                   |  1- 3 |  4- 6 || total
-------------------------+-------+-------++-------
Melee: Flail             |    13 |       ||    13
       Whip              |    84 |     7 ||    91
Armor: Scale mail        |    21 |       ||    21
       Chain mail        |    26 |     5 ||    31
Dodge: Dodged            |    23 |     6 ||    29
Block: Buckler           |    11 |     3 ||    14

Table legend: (Time is in decaauts)
 A = Elapsed time spent in this place.
 B = Non-inter-level travel time spent in this place.
 C = Inter-level travel time spent in this place.
 D = Time resting spent in this place.
 E = Time spent auto-exploring this place.
 F = Levels seen in this place.
 G = Mean time per level.
                   A        B        C        D        E       F      G
               +--------+--------+--------+--------+--------+-----+--------+
         Total |   1379 |   1305 |     74 |     25 |   1006 |   3 |  459.7 |
       Dungeon |   1379 |   1305 |     74 |     25 |   1006 |   3 |  459.7 |
               +--------+--------+--------+--------+--------+-----+--------+

Top non-repeatable levels by time:
     D:1: 863 daAuts
     D:2: 448 daAuts
     D:3: 66 daAuts
